 Dungeon Crawl Stone Soup version 0.26.1-10-gdfb7c7de75 (webtiles) character file.

Game seed: 9652476506734397088

194 tardwrangler69 the Cutter (level 5, 0/28 HPs)
             Began as a Vine Stalker Fighter on Apr 7, 2021.
             Slain by an orc
             ... wielding a +0 morningstar
              (2 damage)
             ... on level 4 of the Dungeon.
             The game lasted 00:01:52 (1926 turns).

tardwrangler69 the Cutter (Vine Stalker Fighter)    Turns: 1926, Time: 00:01:53

Health: 0/28       AC:  8    Str: 20    XL:     5   Next: 73%
Magic:  0/6        EV:  7    Int:  8    God:
Gold:   148        SH:  9    Dex: 13    Spells: 4/4 levels left

rFire    . . .     SeeInvis .   a - +0 rapier
rCold    . . .     Faith    .   c - +0 kite shield
rNeg     . . .     Spirit   +   b - +0 scale mail
rPois    .         Reflect  .   (no helmet)
rElec    .         Harm     .   k - +0 cloak
rCorr    .         Rampage  .   (no gloves)
Will     +....                  (no boots)
Stlth    ..........             (no amulet)
HPRegen  0.49/turn              j - ring of willpower
MPRegen  0.10/turn              (no ring)

@: no status effects
A: fangs 2, regeneration 1, magic shield, antimagic bite, no potion heal 3
a: no special abilities


You were on level 4 of the Dungeon.
You visited 1 branch of the dungeon, and saw 4 of its levels.

You collected 148 gold pieces.

Inventory:

Hand Weapons
 a - a +0 rapier (weapon)
Armour
 b - a +0 scale mail (worn)
 c - a +0 kite shield (worn)
 k - a +0 cloak (worn)
Jewellery
 j - a ring of willpower (left hand)
Wands
 o - a wand of iceblast (10)
Scrolls
 e - a scroll of noise {unknown}
 f - a scroll of remove curse {unknown}
 g - 2 scrolls of enchant weapon {unknown}
 h - a scroll of identify {unknown}
 i - a scroll of blinking {unknown}
Potions
 d - a potion of might
 l - a potion of ambrosia {unknown}
 m - 2 potions of degeneration {unknown}
 n - a potion of curing {unknown}


   Skills:
 + Level 3.6 Fighting
 * Level 3.9 Short Blades
 + Level 3.2 Armour
 - Level 2.6 Shields


You had 4 spell levels left.
You didn't know any spells.
Your spell library was empty.

Dungeon Overview and Level Annotations

Branches:
Dungeon (3/15)

Altars:


Innate Abilities, Weirdness & Mutations

You have extremely sharp teeth.
Your natural rate of healing is unusually fast.
When hurt, damage is shared between your health and your magic reserves.
Your bite disrupts and absorbs the magic of your enemies.
Potions cannot restore your health.


Message History

You puncture the iguana! You bite the iguana, but do no damage.
The iguana is almost dead.
The iguana bites you.
* * * LOW HITPOINT WARNING * * *
The orc hits you but does no damage.
Your shield prevents you from hitting the iguana.
You bite the iguana. You drain its power.
You feel invigorated.
The iguana is almost dead.
You block the iguana's attack. You block the orc's attack.
You closely miss the iguana. You bite the iguana, but do no damage.
The iguana is almost dead.
The iguana bites you.
* * * LOW HITPOINT WARNING * * *
You block the orc's attack.
You barely miss the orc. Your bite misses the orc. The iguana bites you.
* * * LOW HITPOINT WARNING * * *
You closely miss the iguana. You bite the iguana, but do no damage.
The iguana is almost dead.
The orc hits you with a +0 morningstar.
You die...

##### #...# ######
#.#.#
#....###.#.####
#..)...#.#....#
#..o@......##.#
......l...#.#.##.#
....?$....#.#†...#
..........#.######
...>......#..
.............
.....####...#.
..... ......


You could see an iguana and an orc.

Vanquished Creatures
  An orc priest (D:3)
  An orc wizard (D:3)
  A worker ant (D:4)
  A howler monkey zombie (D:2)
  An adder (D:2)
  An ooze (D:1)
  4 worms (D:2)
  2 dart slugs (D:2)
  2 leopard geckos
  10 orcs
  2 ball pythons
  3 bats
  3 giant cockroaches
  11 goblins
  4 hobgoblins
  A jackal (D:2)
  2 frilled lizards (D:2)
  7 kobolds
  6 rats
63 creatures vanquished.

Notes
Turn   | Place    | Note
-------+----------+-------------------------------------------
     0 | D:1      | tardwrangler69 the Vine Stalker Fighter began the quest for
                  | the Orb.
     0 | D:1      | Reached XP level 1. HP: 11/11 MP: 2/2
   117 | D:1      | Reached XP level 2. HP: 16/16 MP: 3/3
   639 | D:1      | Reached XP level 3. HP: 19/19 MP: 4/4
  1237 | D:2      | Gained mutation: Your natural rate of healing is unusually
                  | fast. [Vine Stalker growth]
  1237 | D:2      | Reached XP level 4. HP: 12/24 MP: 3/5
  1730 | D:3      | Reached XP level 5. HP: 27/28 MP: 6/6
  1855 | D:3      | You fall into a shaft and drop 1 floor!
  1925 | D:4      | HP: 1/28 [iguana (1)]
  1926 | D:4      | Slain by an orc

Illustrated notes

Levels and vault maps discovered:
D:1:      tarquinn_simple_flora_water_f, layout_rooms, nrook_uturn
D:2:      layout_rooms, minmay_quantized
D:3:      layout_basic, kennysheep_okawaru_gauntlet, minitemple,
          grunt_ministairs_9
D:4:      layout_basic, nicolae_ossuary_entry_false_entrances,
          portal_sewer_entry_d, grunt_ministairs_15

Skill      XL: |  1  2  3  4 |
---------------+-------------+-----
Short Blades   | 2 3 |  3.9
Fighting       | 3 |  3.6
Armour         | 3 |  3.2
Shields        | |  2.6

Action                   |  1- 3 |  4- 6 || total
-------------------------+-------+-------++-------
Melee: Rapier            |    90 |   110 ||   200
       Bite              |    25 |    40 ||    65
Armor: Scale mail        |    33 |    36 ||    69
Dodge: Dodged            |    31 |    26 ||    57
Block: Kite shield       |    47 |    40 ||    87
